 Dungeon Crawl Stone Soup version 0.27.1-34-g3ba077fa99 (webtiles) character file.

Game seed: 502983121802892307

25 melkoren the Slasher (level 2, -1/23 HPs)
             Began as a Demonspawn Gladiator on Jan 17, 2022.
             Succumbed to Terence's poison
             ... on level 3 of the Dungeon.
             The game lasted 00:01:58 (742 turns).

melkoren the Slasher (Demonspawn Gladiator)          Turns: 742, Time: 00:01:59

Health: -1/23      AC:  5    Str: 14    XL:     2   Next: 82%
Magic:  2/2        EV: 12    Int:  9    God:
Gold:   43         SH:  0    Dex: 14    Spells: 1/1 levels left

rFire    . . .     SeeInvis .   a - +0 long sword
rCold    . . .     Faith    .   (no shield)
rNeg     . . .     Spirit   .   b - +0 leather armour
rPois    .         Reflect  .   (helmet restricted)
rElec    .         Harm     .   (no cloak)
rCorr    .         Rampage  .   j - +1 pair of gloves
Will     .....                  (no boots)
Stlth    +.........             (no amulet)
HPRegen  0.07/turn              L - ring of flight
MPRegen  0.08/turn              (no ring)

@: lethally poisoned (-1 -> -12), flying
A: antennae 1
a: no special abilities


You were on level 3 of the Dungeon.
You visited 1 branch of the dungeon, and saw 3 of its levels.

You collected 43 gold pieces.


Innate Abilities, Weirdness & Mutations

You have a pair of small antennae on your head.


   Skills:
 + Level 2.3 Fighting
 * Level 3.2 Long Blades
 - Level 1.7 Throwing
 + Level 3.0 Dodging


You had one spell level left.
You didn't know any spells.
Your spell library was empty.

Inventory:

Hand Weapons
 a - a +0 long sword (weapon)
Missiles
 d - 3 throwing nets (quivered) {=f!f}
 g - 23 bolts
 i - 22 stones
Armour
 b - a +0 leather armour (worn)
 j - a +1 pair of gloves (worn)
   (You found it on level 1 of the Dungeon)
Jewellery
 L - a ring of flight (left hand)
   (You found it on level 1 of the Dungeon)
Potions
 e - a potion of brilliance

Dungeon Overview and Level Annotations

Branches:
Dungeon (2/15)

Altars:

Annotations:
D:3 Terence

#####
###########....#..
...(..............
..........@S......
..........@<......
K#..##............
............#.....
.. #####..........
. #..........
#...#......
#..........


You could see Terence and an adder.


Message History

You closely miss the kobold. The kobold hits you but does no damage.
You barely miss the goblin. The goblin hits you with a +0 dagger.
The kobold hits you but does no damage. 😕 HP[-1]
You take 1 damage, and now have 22/23 hp.
You closely miss the goblin. The goblin hits you but does no damage.
The kobold misses you. The goblin closely misses you.
You closely miss the goblin. The kobold hits you with a +0 club.
The goblin hits you but does no damage.
The kobold hits you with a +0 club. 😮 HP[-5]
You take 5 damage, and now have 17/23 hp.
MASSIVE DAMAGE!! (PAUSE)
You are too injured to fight recklessly!
You are too injured to fight recklessly!
You are too injured to fight recklessly!
Unknown command.
You closely miss the kobold. The goblin misses you.
The kobold hits you but does no damage.
You closely miss the kobold. The goblin barely misses you.
The kobold closely misses you.
You riposte.
You closely miss the kobold. You hit the kobold.
You kill the kobold!
The goblin hits you but does no damage. x2
Your Dodging skill increases to level 3!
The goblin barely misses you.
Things that are here:
a +0 club; 2 stones; a kobold corpse You hit the goblin.
The goblin closely misses you.
You slash the goblin!
You kill the goblin!
You see here a +0 dagger.
Key pressed, stopping explore.
Unknown command. 😕 HP[+2]
You regained 2 hp, and now have 19/23 hp.
Key pressed, stopping explore.
Unknown command. 😕 HP[+3]
You regained 3 hp, and now have 22/23 hp.
i - 22 stones (gained 2)
Things that are here:
a +0 club; a kobold corpse A kobold comes into view.
It is wielding a +0 short sword.
Unknown command. 😎 HP[+1]
Your hp is fully restored (23).
A kobold is nearby!
No target in view!
No target in view!
No target in view!
No target in view!
No target in view!
No target in view!
No target in view!
The kobold shouts!
You are sucked into a shaft and drop 1 floor!
The shaft crumbles and collapses.
A kobold and Terence come into view.
Terence is wielding a +5 short sword of venom.
Found 13 poisoned darts.
Found a stone staircase leading up.
Okay, then.
You aren't carrying any scrolls.
An adder comes into view.
Terence barely misses you.
The adder hisses angrily.
You hit Terence but do no damage.
Terence hits you with a +5 short sword of venom.
You are poisoned. 😕 HP[-4]
You take 4 damage, and now have 19/23 hp.
Your leather armour prevents you from hitting Terence.
You feel sick. Terence hits you but does no damage.
You are lethally poisoned! 😮 HP[-2]
You take 2 damage, and now have 17/23 hp.
You hit Terence but do no damage.
You feel very sick.
Terence hits you with a +5 short sword of venom.
* * * LOW HITPOINT WARNING * * *
You are more poisoned. 😨 HP[-6]
You take 6 damage, and now have 11/23 hp.
MASSIVE DAMAGE!! (PAUSE)
You hit Terence but do no damage.
* * * LOW HITPOINT WARNING * * *
You feel very sick. Terence closely misses you.
The adder closely misses you. 😨 HP[-5]
You take 5 damage, and now have 6/23 hp.
MASSIVE DAMAGE!! (PAUSE)
You closely miss Terence.
* * * LOW HITPOINT WARNING * * *
You feel very sick. Terence closely misses you.
You riposte.
You closely miss Terence. The adder closely misses you.
Terence barely misses you. The adder closely misses you. 😱 HP[-4]
You take 4 damage, and now have 2/23 hp.
You hit Terence.
You die...

Skill      XL: |  1  2 |
---------------+-------+-----
Long Blades    | 3 |  3.2
Dodging        | 3 |  3.0
Fighting       | |  2.3
Throwing       | |  1.7

Action                   || total
-------------------------++-------
Melee: Long sword        ||    58
  Use: Scroll            ||     3
Armor: Leather armour    ||    27
Dodge: Dodged            ||    54
       Rpst.: Long sword ||    14

Levels and vault maps discovered:
D:1:      lightli_arrival_farm, layout_basic
D:2:      layout_basic, dreamdust_ecumenical_altar_grove
D:3:      layout_rooms, uniq_jessica, uniq_sigmund, uniq_terence, uniq_ijyb

Notes
Turn   | Place    | Note
-------+----------+-------------------------------------------
     0 | D:1      | melkoren the Demonspawn Gladiator began the quest for the
                  | Orb.
     0 | D:1      | Reached XP level 1. HP: 16/16 MP: 1/1
     0 | D:1      | magus.rc [v1.11.3]
   235 | D:1      | Reached skill level 3 in Long Blades
   235 | D:1      | Gained mutation: You have a pair of small antennae on your
                  | head. [demonic ancestry]
   235 | D:1      | Reached XP level 2. HP: 22/22 MP: 2/2
   638 | D:2      | Reached skill level 3 in Dodging
   733 | D:2      | You are sucked into a shaft and drop 1 floor!
   733 | D:3      | Noticed Terence
   741 | D:3      | HP: 2/23 [poisoned by Terence]
   742 | D:3      | Succumbed to Terence's poison

Vanquished Creatures
  A dart slug (D:1)
  2 bats (D:1)
  3 giant cockroaches (D:1)
  A goblin (D:2)
  3 hobgoblins (D:1)
  3 kobolds
  A quokka (D:1)
  2 ball pythons (D:1)
  A frilled lizard (D:1)
  3 rats (D:1)
20 creatures vanquished.

Vanquished Creatures (others)
  2 fungi (D:2)
  2 plants (D:2)
4 creatures vanquished.

Grand Total: 24 creatures vanquished

Table legend:
 A = Non-vault XP
 B = Vault XP
 C = Vault XP percentage of total XP
 D = Non-vault monster count
 E = Vault monster count
 F = Vault count percentage of total count
                 A         B        C        D         E       F
            +---------+---------+-------+---------+---------+-------
      Total |      36 |       0 |   0.0 |      20 |       0 |   0.0
            +---------+---------+-------+---------+---------+-------
        D:1 |      32 |       0 |   0.0 |      18 |       0 |   0.0
        D:2 |       4 |       0 |   0.0 |       2 |       0 |   0.0
            +---------+---------+-------+---------+---------+-------

Illustrated notes

Table legend:
 A = Kills in this place as a percentage of kills in entire the game.
 B = Kills by you in this place as a percentage of kills by you in the entire game.
 C = Kills by friends in this place as a percentage of kills by friends in the entire game.
 D = Other kills in this place as a percentage of other kills in the entire game.
 E = Experience gained in this place as a percentage of experience gained in the entire game.
 F = Experience gained in this place divided by the number of levels of this place that you have seen.
                   A       B       C       D       E      F
               +-------+-------+-------+-------+-------+----------------------
         Total | 100.0 | 100.0 |   N/A |   N/A | 100.0 |  12.0
       Dungeon | 100.0 | 100.0 |   N/A |   N/A | 100.0 |  12.0
               +-------+-------+-------+-------+-------+----------------------

Table legend: (Time is in decaauts)
 A = Elapsed time spent in this place.
 B = Non-inter-level travel time spent in this place.
 C = Inter-level travel time spent in this place.
 D = Time resting spent in this place.
 E = Time spent auto-exploring this place.
 F = Levels seen in this place.
 G = Mean time per level.
                   A        B        C        D        E       F      G
               +--------+--------+--------+--------+--------+-----+--------+
         Total |    766 |    747 |     19 |      0 |    589 |   3 |  255.3 |
       Dungeon |    766 |    747 |     19 |      0 |    589 |   3 |  255.3 |
               +--------+--------+--------+--------+--------+-----+--------+

Top non-repeatable levels by time:
     D:1: 645 daAuts
     D:2: 110 daAuts
     D:3: 9 daAuts
